AoeStats
← Jokerball

Black Forest

504999325Analyzed
1v1 RM · 24d ago on Sep 7, 2026· 56m 50s· 2 players
Game mode
Random Map
Map size
Tiny (2 player)
Population
200
Speed
Normal
Resources
Standard
Victory
Conquest
Starting age
Dark Age
Ending age
Imperial Age
RankedLock teamsTeams togetherTeam positionsShared explorationLock speedFull tech treeHidden civsTurbo modeCheats
Victory
Defeat
🇩🇪 Portuguese · Germany
1254
+17
🇩🇪 Maya · Germany
1286
-17
nektArschlecker
4:58 Loom
9:50 Feudal Age
10:49 Double-Bit Axe
14:21 Horse Collar
17:23 Castle Age
16:06 Gold Mining
18:21 Bow Saw
30:26 Wheelbarrow
29:44 Town Watch
34:20 Imperial Age
33:43 Scale Barding Armor
33:49 Forging
33:32 Fletching
35:13 Chain Barding Armor
36:47 Two-Man Saw
38:13 Chemistry
37:50 Conscription
37:58 Bloodlines
38:38 Husbandry
38:00 Light Cavalry
39:17 Plate Barding Armor
39:02 Masonry
39:37 Hand Cart
40:23 Iron Casting
39:44 Bodkin Arrow
40:51 Siege Engineers
40:29 Cavalier
45:06 Architecture
44:18 Treadmill Crane
44:59 Ballistics
44:36 Murder Holes
44:52 Fortified Wall
45:03 Bombard Tower
44:50 Town Patrol
46:10 Blast Furnace
45:12 Bracer
45:14 Scale Mail Armor
45:16 Arquebus
44:39 Elite Organ Gun
47:36 Guilds
47:40 Herbal Medicine
48:34 Padded Archer Armor
51:14 Leather Archer Armor
51:07 Thumb Ring
50:24 Elite Skirmisher
53:05 Ring Archer Armor
54:04 Heavy Plow
Jokerball
0:37 Loom
11:24 Feudal Age
15:01 Castle Age
13:08 Double-Bit Axe
14:02 Gold Mining
14:46 Fletching
16:31 Bow Saw
17:18 Town Watch
19:24 Crossbowman
21:26 Padded Archer Armor
21:45 Bodkin Arrow
24:24 Forging
32:02 Wheelbarrow
35:52 Imperial Age
33:25 Stone Mining
34:27 Hand Cart
34:15 Padded Archer Armor
34:57 Murder Holes
35:13 Masonry
35:24 Ballistics
35:23 Leather Archer Armor
36:12 Iron Casting
37:58 Chemistry
37:31 Onager
38:04 Horse Collar
39:21 Ring Archer Armor
38:18 Capped Ram
39:12 Arbalester
40:24 Conscription
40:22 Thumb Ring
40:28 Bracer
42:45 Eagle Warrior
44:02 Holcans
43:33 Elite Eagle Warrior
46:04 Hoardings
45:54 Scale Mail Armor
46:11 Pikeman
47:13 Halberdier
48:45 Chain Mail Armor
48:32 Squires
48:17 Arson
50:35 Plate Mail Armor
51:06 Blast Furnace
52:28 Architecture
52:08 Fortified Wall
51:40 Treadmill Crane
52:55 Siege Ram
57:52 Ring Archer Armor
Connection lost

Rejoining the realm…

Still unreachable

The connection could not be restored.

Session expired

The server has moved on; the page needs a fresh start.